 Seeded DCSS version 0.30.1-9-gdf580d7c3d (webtiles) character file.

Game seed: 920673320228942481 (custom seed)

8 Psyclone the Conjurer (level 2, 13/17 HPs)
             Began as an Octopode Conjurer on Oct 10, 2023.
             Quit the game on level 2 of the Dungeon.
             The game lasted 00:00:47 (348 turns).

Psyclone the Conjurer (Octopode Conjurer)            Turns: 348, Time: 00:00:48

Health: 13/17      AC:  1    Str:  6    XL:     2   Next: 8%
Magic:  0/5        EV: 13    Int: 20    God:
Gold:   3961       SH:  0    Dex: 10    Spells: 4/5 levels left

rFire   . . .        (no weapon)
rCold   . . .        (no shield)
rNeg    . . .        (helmet restricted)
rPois   .            (no amulet)
rElec   .            (no ring)
rCorr   .            (no ring)
SInv    .            (no ring)
Will    .....        (no ring)
Stlth   +++          (no ring)
HPRegen 0.22/turn    (no ring)
MPRegen 0.09/turn    (no ring)
                     (no ring)

%: no passive effects
@: no status effects
A: almost no armour, amphibious, 8 rings, camouflage 1, gelatinous body 1,
(nimble swimmer 1), tentacles
a: no special abilities


You were on level 2 of the Dungeon.
You visited 1 branch of the dungeon, and saw 2 of its levels.

You collected 3961 gold pieces.

Inventory:

Jewellery
 c - a ring of wizardry
Potions
 a - a potion of magic
 b - a potion of mutation {unknown}
 d - a potion of lignification {unknown}


   Skills:
 - Level 2.0 Dodging
 - Level 2.6 Stealth
 - Level 2.0 Spellcasting
 + Level 4.4 Conjurations


You had 4 spell levels left.
You knew the following spells:

 Your Spells              Type           Power      Damage    Failure   Level
a - Magic Dart            Conj           76%        1d6       2%          1

Your spell library contained the following spells:

 Spells                   Type           Power      Damage    Failure   Level
 Searing Ray              Conj           38%        2d5       3%          2
 Dazzling Flash           Conj/Hex       20%        N/A       19%         3
 Fulminant Prism          Conj/Hex       5%         3d7       54%         4
 Iskenderun's Mystic Bla  Conj/Tloc      10%        2d4       54%         4


Dungeon Overview and Level Annotations

Branches:
Dungeon (2/15) Zot: 11652

Altars:


Innate Abilities, Weirdness & Mutations

You cannot wear most types of armour.
You are amphibious.
You can wear up to eight rings at the same time.
Your skin changes colour to match your surroundings (Stealth+).
Your rubbery body absorbs attacks. (AC +1, EV +1)
((You are camouflaged when in or above water. (Stealth+)))
You have tentacles for arms and can constrict up to eight enemies at once.


Message History

Aim: an endoplasm (100% to hit)
The magic dart hits the endoplasm.
The endoplasm is heavily wounded.
You now have 2/3 mp.
Casting: Magic Dart (safe; 2% risk of failure)
Confirm with . or Enter, or press ? or * to list all spells.
Aiming: Magic Dart (safe; 2% risk of failure)
Press: ? - help, Shift-Dir - straight line, f/p - endoplasm
Aim: an endoplasm (heavily wounded, 100% to hit)
The magic dart hits the endoplasm.
The endoplasm is severely wounded.
You now have 1/3 mp.
Casting: Magic Dart (safe; 2% risk of failure)
Confirm with . or Enter, or press ? or * to list all spells.
Aiming: Magic Dart (safe; 2% risk of failure)
Press: ? - help, Shift-Dir - straight line, f/p - endoplasm
Aim: an endoplasm (severely wounded, 100% to hit)
The magic dart hits the endoplasm.
You kill the endoplasm!
You now have 0/3 mp.
Casting: Magic Dart (safe; 2% risk of failure)
Confirm with . or Enter, or press ? or * to list all spells.
You don't have enough magic to cast this spell.
Unknown command.
You tentacle-slap the dart slug. You grab the dart slug.
The dart slug is lightly wounded.
You constrict the dart slug. The dart slug bites you.
You take 3 damage, and have 8/11 hp.
MASSIVE DAMAGE!!
You tentacle-slap the dart slug but do no damage.
The dart slug is moderately wounded.
You constrict the dart slug, but do no damage.
You tentacle-slap the dart slug but do no damage.
You squeeze the dart slug.
You kill the dart slug!
You have reached level 2!
You regained 5 hp, and now have 13/17 hp.
You see here a dart slug corpse.
Unknown command.
Unknown command.
Are you sure you want to abandon this character and quit the game? (Confirm with "yes".)

#.# # . #.#
.## .< #.##
.... ...
##..###.....
...##..#....#
..>......##.#
..[##..<## w.
##.## . #@#
#.# #'# #...#
#.....#
#.......#
#.........#
+>........+
#^........#


There were no monsters in sight!

Vanquished Creatures
  2 dart slugs
  An endoplasm (D:2)
  A ball python (D:1)
  A rat (D:1)
5 creatures vanquished.

Notes
Turn   | Place    | Note
-------+----------+-------------------------------------------
     0 | D:1      | Psyclone the Octopode Conjurer began the quest for the Orb.
     0 | D:1      | Reached XP level 1. HP: 11/11 MP: 3/3
   285 | D:1      | Identified 3 scrolls of acquirement
   285 | D:1      | Acquired 1312 gold pieces
   293 | D:1      | Acquired 1281 gold pieces
   308 | D:1      | Acquired 1321 gold pieces
   347 | D:2      | Reached XP level 2. HP: 13/17 MP: 0/5
   348 | D:2      | Quit the game

Illustrated notes

Levels and vault maps discovered:
D:1:      dpeg_arrival_orchard, layout_basic
D:2:      layout_loops_corners, uniq_natasha, uniq_crazy_yiuf_cottage

Action                     || total
---------------------------++-------
  Melee: Unarmed           ||     3
         Constrict         ||     1
         Tentacles         ||     1
   Cast: Magic Dart        ||     8
    Use: Scroll            ||     3
  Dodge: Dodged            ||     1
